 Dungeon Crawl Stone Soup version 0.26-a0-652-gafc20e3620 (webtiles) character file.

Game seed: 5603563187782003721

227180 jasper the Fencer (level 18, 0/112 HPs)
             Began as a Deep Elf Berserker on Oct 2, 2020.
             Was an Elder of Trog.
             Slain by a peacekeeper (8 damage)
             ... in the Desolation of Salt.
             The game lasted 01:10:55 (46971 turns).

jasper the Fencer (Deep Elf Berserker)             Turns: 46971, Time: 01:10:56

Health: 0/112      AC: 13    Str: 16    XL:     18   Next: 23%
Magic:  20/20      EV: 22    Int: 15    God:    Trog [****..]
Gold:   3068       SH: 24    Dex: 18    Spells: 17/17 levels left

rFire    . . .     SeeInvis .   t - +9 double sword (flame)
rCold    . . .     Faith    .   u - +0 tower shield
rNeg     . . .     Spirit   .   I - +2 ring mail {rPois}
rPois    +         Reflect  +   (no helmet)
rElec    .         Harm     .   (no cloak)
rCorr    .         Rampage  .   A - +2 pair of gloves {archery}
MR       ++++.                  s - +0 pair of boots {Stlth+}
Stlth    ++++......             j - amulet of reflection
HPRegen  1.28/turn              O - ring of protection from magic
MPRegen  0.17/turn              R - +4 ring of evasion

@: regenerating (expiring)
A: no striking features
}: 2/15 runes: barnacled, gossamer
a: Berserk, Trog's Hand, Brothers in Arms, Renounce Religion


You were in the Desolation of Salt.
You worshipped Trog.
Trog was greatly pleased with you.
You visited 6 branches of the dungeon, and saw 32 of its levels.
You visited the Abyss 1 time.
You also visited: Sewer and Desolation.

You collected 3431 gold pieces.
You spent 363 gold pieces at shops.

Inventory:

Hand Weapons
 t - a +9 double sword of flaming (weapon)
 C - a +8 vampiric demon blade
Missiles
 m - 7 throwing nets (quivered)
Armour
 s - a +0 pair of boots of stealth (worn)
 u - a +0 tower shield (worn)
 A - a +2 pair of gloves of archery (worn)
 I - a +2 ring mail of poison resistance (worn)
 M - +2 steam dragon scales
Jewellery
 c - an uncursed ring of positive energy
 i - an uncursed ring of resist corrosion
 j - an amulet of reflection (around neck)
 y - an uncursed ring of protection from fire
 E - an uncursed amulet of the acrobat {unknown}
 J - a cursed amulet of regeneration {unknown}
 O - a ring of protection from magic (left hand)
 R - a +4 ring of evasion (right hand)
 W - an uncursed ring of see invisible
 Y - an uncursed ring of fire
Wands
 a - a wand of enslavement (18)
 k - a wand of polymorph (14)
 r - a wand of iceblast (14)
 x - a wand of disintegration (3)
 G - a wand of digging (26)
 Q - a wand of flame (35)
 V - a wand of paralysis (14)
Scrolls
 h - a scroll of vulnerability
 n - 15 scrolls of teleportation
 o - 25 scrolls of remove curse
 v - 6 scrolls of enchant armour
 w - 7 scrolls of magic mapping
 B - 6 scrolls of fog
 N - 5 scrolls of immolation
 X - a scroll of torment
Potions
 b - a potion of invisibility
 d - 8 potions of flight
 e - 2 potions of might
 g - 6 potions of magic
 l - 10 potions of curing
 p - 4 potions of ambrosia
 z - 2 potions of mutation
 D - 2 potions of degeneration
 K - a potion of berserk rage
 L - a potion of cancellation
 P - 2 potions of haste
 S - 5 potions of stabbing
 U - 6 potions of lignification {unknown}
Miscellaneous
 T - a phial of floods
 Z - a box of beasts (1/3)


   Skills:
 + Level 12.3 Fighting
 - Level 16.0 Long Blades
 + Level 9.1 Armour
 + Level 13.2 Dodging
 - Level 6.0 Stealth
 + Level 13.9 Shields
 - Level 7.0 Evocations


You had 17 spell levels left.
You didn't know any spells.
Your spell library was empty.

Dungeon Overview and Level Annotations

Branches:
Dungeon (15/15)            Temple (0/1) D:5            Lair (6/6) D:8
 Shoals (4/4) Lair:2       Spider (4/4) Lair:4        Slime (0/5) Lair:5
    Orc (2/2) D:9             Elf (1/3) Orc:2        Vaults (0/5) D:13
 Depths (0/5) D:15          Sewer (visited)         Desolation (1/1)

Altars:
Ashenzari
Fedhas
Qazlal
Trog
Wu Jian
Xom
The Shining One

Shops:
D:5 (   Orc:2 ?!(?   Elf:1 !

Annotations:
D:5 2 transporters, jasper's ghost, novice HOCK
D:6 3 runed translucent doors, grandjackal's ghost, novice DsGl
D:8 3 runed translucent doors, Sweetruy1997's ghost, novice MiBe
Shoals:4 Polyphemus
Orc:1 2 runed translucent doors, Maimakterion's ghost, journeyman GrFi


Message History

You block the saltling's attack. The peacekeeper bites you!!
* * * LOW HITPOINT WARNING * * *
The peacekeeper misses you.
You block the servant of whispers's attack.
The saltling hits you!!
* * * LOW HITPOINT WARNING * * *
Unknown command.
Okay, then.
Okay, then.
You block the peacekeeper's attack.
The peacekeeper claws you but does no damage.
You block the saltling's attack.
The saltling no longer looks unusually strong.
There is a gate leading back out of this place here.
The peacekeeper roars a battlecry!
The saltling goes into a battle-frenzy!
The peacekeeper completely misses you. You block the peacekeeper's attack.
You block the saltling's attack. You block the peacekeeper's attack.
The peacekeeper claws you!
You die...

§.................
..................
§§§..............#
§§...............#.
§..................
....#..............
...................
.......8@.∩........
.......888.........
.......88..........
##....ppp..........
#.................
...........##......
...........# ......
§........... .§....
...........§§ §§§.


You could see a ragged hierophant, 2 servants of whispers, 2 peacekeepers and 4
saltlings.

Vanquished Creatures
  Jorgrun (Spider:2)
  Agnes (Elf:1)
  Aizul (Spider:2)
  3 ghost moths
  An emperor scorpion (Spider:4)
  3 entropy weavers
  6 spark wasps
  An ettin (D:15)
  5 merfolk impalers
  Josephine (Orc:2)
  An ice dragon (D:11)
  5 vault guards (D:13)
  Erolcha (D:10)
  4 hydras
  A servant of whispers (Desolation)
  A merfolk avatar (Shoals:1)
  4 centaur warriors
  A death knight (D:15)
  3 two-headed ogres
  A tengu warrior (D:15)
  A satyr (Shoals:1)
  6 death scarabs (Spider:4)
  2 death yaks
  An ogre mage (D:15)
  2 dancing weapons (Elf:1)
  Urug (Orc:2)
  The ghost of Thraspic the Ripper, a journeyman FeBe of Trog (Lair:6)
  A hell knight (D:15)
  2 deep elf knights
  Nergalle (Orc:1)
  2 unseen horrors
  7 sea snakes
  2 spectral wolf spiders (Spider:4)
  4 orc knights
  3 harpies (Shoals:2)
  7 deep elf magi (Elf:1)
  19 wolf spiders
  13 orb spiders
  A wolf spider zombie (Spider:4)
  12 ugly things
  2 orc sorcerers
  6 manticores
  9 fauns
  6 elephants
  5 merfolk sirens
  6 cyclopes
  2 moths of wrath
  Maurice (Orc:2)
  3 centaur zombies
  6 water nymphs
  3 gargoyles
  6 black mambas
  9 cane toads
  A torpor snail (Lair:5)
  Maggie (D:6)
  2 rime drakes
  An efreet (D:15)
  4 spectral redbacks (Spider:4)
  10 demonic crawlers
  8 komodo dragons
  18 merfolk
  27 jumping spiders
  5 polar bears
  6 trolls
  2 wind drakes
  3 spectral tarantellas (Spider:4)
  6 hornets
  7 blink frogs (Lair:4)
  3 dream sheep (Shoals:2)
  4 spectral jumping spiders (Spider:4)
  8 slime creatures
  A saltling (Desolation)
  2 jumping spider zombies (Spider:4)
  13 snapping turtles
  A tarantella zombie (Spider:4)
  15 hippogriffs
  A shadow (D:13)
  5 wraiths
  49 redbacks
  14 spriggans (Lair:6)
  2 water elementals
  17 tarantellas
  31 yaks
  Eustachio (D:6)
  2 basilisks
  A fire bat (D:6)
  8 vampire mosquitoes
  A warg (Orc:2)
  An acid dragon (D:12)
  A soldier ant (D:11)
  13 porcupines
  13 water moccasins
  38 orc warriors
  4 spectral hornets
  3 eyes of draining
  An eye of draining (shapeshifter) (D:13)
  11 ice beasts
  12 ogres
  3 phantoms
  2 sky beasts
  5 black bears
  4 boggarts (Lair:6)
  31 wolves
  29 centaurs
  19 crocodiles
  3 big kobolds
  12 bullfrogs
  2 gnoll sergeants
  4 wyvern zombies
  A water moccasin zombie (D:7)
  3 scorpions
  22 wights
  6 howler monkeys
  An electric eel (Orc:1)
  2 bullfrog zombies
  15 jellies
  2 centaur skeletons
  3 bullfrog skeletons
  12 orc priests
  6 hounds
  24 orc wizards
  4 iguanas
  12 worker ants
  A killer bee zombie (D:10)
  A worker ant zombie (D:5)
  22 adders
  10 gnolls
  3 river rats
  10 white imps
  4 shadow imps
  8 ufetubi
  3 oozes
  An adder zombie (D:6)
  4 adder skeletons
  2 worms (D:2)
  6 dart slugs
  6 leopard geckos
  83 orcs
  A ball python (D:2)
  12 giant cockroaches
  3 hobgoblins
  10 jackals
  5 quokkas
  3 bats
  5 frilled lizards
  A giant cockroach zombie (D:6)
  7 goblins
  A jackal zombie (D:5)
  18 kobolds
  A leopard gecko zombie (D:7)
  A quokka skeleton (D:6)
  18 rats
  A pillar of salt (Elf:1)
1052 creatures vanquished.

Vanquished Creatures (collateral kills)
  An emperor scorpion (Spider:4)
  Azrael (D:14)
  3 vault guards (D:13)
  5 hydras
  4 death yaks (Lair:3)
  A two-headed ogre (D:14)
  2 death scarabs (Spider:4)
  An orb spider (Spider:2)
  A spectral wolf spider (Spider:4)
  A wolf spider (Lair:4)
  A faun (Shoals:1)
  An ugly thing (D:15)
  A deep elf mage (D:14)
  A slime creature (D:14)
  2 manticores
  A black mamba (Lair:2)
  2 demonic crawlers (Spider:4)
  A troll (Orc:2)
  A merfolk (Shoals:1)
  A spectral jumping spider (Spider:4)
  2 jumping spider zombies (Spider:4)
  A hippogriff (D:13)
  2 redbacks (Spider:2)
  2 water elementals (Shoals:4)
  A tarantella (Lair:4)
  4 yaks
  A basilisk (D:13)
  4 fire elementals (D:14)
  4 hell hounds (D:14)
  An orc warrior (Orc:2)
  A crocodile (Lair:6)
  2 orcs (Orc:2)
57 creatures vanquished.

Vanquished Creatures (others)
  An ugly thing (D:15)
  A jumping spider (Spider:4)
  A hornet (Lair:6)
  A tarantella (Spider:4)
  A redback (Spider:4)
  2 wolves
  An orc wizard (D:9)
  2 orcs (Orc:2)
  27 fungi
  A pillar of salt (Elf:1)
  66 plants
104 creatures vanquished.

Grand Total: 1213 creatures vanquished

Notes
Turn   | Place    | Note
-------+----------+-------------------------------------------
     0 | D:1      | jasper the Deep Elf Berserker began the quest for the Orb.
     0 | D:1      | Reached XP level 1. HP: 13/13 MP: 3/3
    89 | D:1      | Reached skill level 3 in Long Blades
   324 | D:1      | Reached XP level 2. HP: 7/18 MP: 1/4
  1192 | D:2      | Reached skill level 4 in Long Blades
  1192 | D:2      | Reached XP level 3. HP: 22/22 MP: 5/5
  1436 | D:2      | Found a blossoming altar of Fedhas.
  1530 | D:2      | Reached XP level 4. HP: 25/27 MP: 6/6
  2455 | D:3      | Reached skill level 5 in Long Blades
  2461 | D:3      | Cast into level 1 of the Abyss (gnoll)
  2566 | D:3      | Escaped the Abyss
  2572 | D:3      | Reached XP level 5. HP: 31/31 MP: 7/7
  2731 | D:3      | Reached ** piety under Trog
  3066 | D:3      | Noticed a moth of wrath
  3068 | D:3      | Found a bloodstained altar of Trog.
  3714 | D:3      | Reached skill level 6 in Long Blades
  4116 | D:3      | Found a broken altar of Ashenzari.
  4355 | D:4      | Reached XP level 6. HP: 36/36 MP: 8/8
  4550 | D:4      | HP: 1/36 [gnoll/+0 spear (7)]
  5427 | D:4      | Reached skill level 7 in Long Blades
  5741 | D:5      | Entered Level 5 of the Dungeon
  5859 | D:5      | Found Mapur's Antique Weapon Emporium.
  5869 | D:5      | Bought a great sword for 149 gold pieces
  5902 | D:5      | Reached XP level 7. HP: 26/40 MP: 9/9
  5910 | D:5      | Reached *** piety under Trog
  6172 | D:5      | Found a staircase to the Ecumenical Temple.
  6203 | D:5      | Found a transporter.
  6206 | D:5      | Noticed jasper's ghost (novice HOCK)
  6212 | D:5      | Found a transporter.
  6274 | D:5      | Reached skill level 8 in Long Blades
  6695 | D:5      | Reached skill level 9 in Long Blades
  6695 | D:5      | Reached XP level 8. HP: 25/45 MP: 10/10
  7058 | D:5      | Reached skill level 1 in Shields
  7489 | D:6      | Noticed Eustachio
  7503 | D:6      | Killed Eustachio
  7632 | D:6      | Found a glowing drain.
  7636 | Sewer    | Entered a sewer
  7855 | Sewer    | Found a white marble altar of Elyvilon.
  8088 | D:6      | Reached XP level 9. HP: 52/52 MP: 11/11
  8130 | D:6      | Found an ornate altar of the Wu Jian Council.
  8240 | D:6      | Reached **** piety under Trog
  8458 | D:6      | Noticed Maggie
  8475 | D:6      | Killed Maggie
  8475 | D:6      | Reached skill level 5 in Fighting
  8545 | D:6      | Found a runed translucent gate.
  8545 | D:6      | Found a runed translucent gate.
  8546 | D:6      | Found a runed translucent gate.
  8764 | D:6      | Noticed grandjackal's ghost (novice DsGl)
  8872 | D:7      | Got an ichor-stained falchion
  8873 | D:7      | Identified the +7 falchion of the Nexus {freeze, +Inv
                  | rElec} (You found it on level 7 of the Dungeon)
  9609 | D:7      | Reached skill level 5 in Shields
  9854 | D:8      | Noticed a troll
  9864 | D:8      | Killed a troll
  9959 | D:8      | Found a runed translucent gate.
  9959 | D:8      | Found a runed translucent gate.
  9959 | D:8      | Noticed Sweetruy1997's ghost (novice MiBe)
  9961 | D:8      | Found a runed translucent gate.
 10001 | D:8      | Found a staircase to the Lair.
 10048 | D:8      | Reached XP level 10. HP: 45/61 MP: 12/12
 10354 | D:8      | Found a stormy altar of Qazlal.
 11055 | D:8      | Found a glowing golden altar of the Shining One.
 11130 | D:9      | Noticed a centaur warrior
 11153 | D:9      | Killed a centaur warrior
 11403 | D:9      | Found a glowing golden altar of the Shining One.
 11726 | D:9      | Found a staircase to the Orcish Mines.
 12104 | D:10     | Entered Level 10 of the Dungeon
 12227 | D:10     | Noticed Erolcha
 12246 | D:10     | Killed Erolcha
 12246 | D:10     | Reached XP level 11. HP: 67/67 MP: 0/13
 12666 | D:10     | Reached skill level 10 in Shields
 14157 | D:11     | Reached ***** piety under Trog
 14723 | D:11     | Killed an unseen horror
 14821 | D:11     | Noticed a four-headed hydra
 14853 | D:11     | Killed an eight-headed hydra
 14870 | D:11     | Noticed an ice dragon
 14891 | D:11     | Killed an ice dragon
 14913 | D:11     | Reached skill level 10 in Fighting
 15109 | D:11     | Noticed a two-headed ogre
 15118 | D:11     | Killed a two-headed ogre
 15118 | D:11     | Reached XP level 12. HP: 77/77 MP: 14/14
 15145 | D:11     | Noticed a seven-headed hydra
 15241 | Lair:1   | Entered Level 1 of the Lair of Beasts
 15316 | Lair:1   | Reached skill level 5 in Dodging
 15890 | Lair:1   | Reached skill level 1 in Evocations
 16388 | Lair:2   | Reached skill level 1 in Stealth
 17341 | Lair:2   | Found a staircase to the Shoals.
 17998 | Lair:3   | Noticed a death yak
 17999 | Lair:3   | Noticed a death yak
 17999 | Lair:3   | Noticed a death yak
 18013 | Lair:3   | Killed a death yak
 18017 | Lair:3   | Noticed a death yak
 18024 | Lair:3   | Killed a death yak
 18025 | Lair:3   | Noticed a death yak
 18026 | Lair:3   | Killed a death yak
 18031 | Lair:3   | Killed a death yak
 18033 | Lair:3   | Killed a death yak
 18033 | Lair:3   | Reached skill level 5 in Evocations
 18085 | Lair:3   | Reached skill level 10 in Long Blades
 19353 | Lair:4   | Reached skill level 11 in Long Blades
 19485 | Lair:4   | Found a hole to the Spider Nest.
 19549 | Lair:4   | Reached XP level 13. HP: 66/82 MP: 15/15
 20816 | Lair:5   | Reached skill level 12 in Long Blades
 21115 | Lair:5   | Found a staircase to the Slime Pits.
 22204 | Lair:6   | Entered Level 6 of the Lair of Beasts
 22231 | Lair:6   | Reached skill level 13 in Long Blades
 22856 | Lair:6   | Found a runed translucent gate.
 22856 | Lair:6   | Found a runed translucent gate.
 22856 | Lair:6   | Found a runed translucent gate.
 22857 | Lair:6   | Noticed Thraspic's ghost (journeyman FeBe)
 22985 | Orc:1    | Entered Level 1 of the Orcish Mines
 23169 | Orc:1    | Noticed Nergalle
 23205 | Orc:1    | Killed Nergalle
 23520 | Orc:1    | Found a large runed translucent door.
 23523 | Orc:1    | Found a large runed translucent door.
 23525 | Orc:1    | Noticed Maimakterion's ghost (journeyman GrFi)
 23799 | Orc:2    | Entered Level 2 of the Orcish Mines
 24303 | Orc:1    | Reached skill level 14 in Long Blades
 24710 | Orc:2    | Found a staircase to the Elven Halls.
 24949 | Orc:2    | Noticed Josephine
 25508 | D:12     | Reached XP level 14. HP: 88/88 MP: 16/16
 27045 | D:13     | Found a gate to the Vaults.
 27076 | D:13     | Received a gift from Trog
 27791 | D:14     | Found a shimmering altar of Xom.
 27845 | D:14     | Noticed Azrael
 27860 | D:14     | Killed Azrael
 28133 | D:14     | Reached skill level 5 in Armour
 29206 | D:15     | Entered Level 15 of the Dungeon
 30045 | Lair:6   | Found the +7 pair of quick blades "Gyre" and "Gimble"
                  | {protect}
 30103 | Lair:6   | Reached skill level 5 in Stealth
 30515 | Lair:6   | Received a gift from Trog
 30880 | Lair:6   | Reached XP level 15. HP: 81/92 MP: 17/17
 30889 | Lair:6   | Killed Thraspic's ghost
 31227 | Orc:2    | Noticed Maurice
 31241 | Orc:2    | Killed Maurice
 31244 | Orc:2    | Noticed Urug
 31258 | Orc:2    | Killed Urug
 31511 | Orc:2    | Killed Josephine
 31818 | Orc:2    | Found Luemn's Distillery.
 31818 | Orc:2    | Found Qylinuvo's Antique Weapon Emporium.
 31820 | Orc:2    | Found Fesm's Magic Scroll Shoppe.
 31822 | Orc:2    | Found Ufuon's Magic Scroll Shop.
 31834 | Orc:2    | Bought a scroll of enchant weapon for 112 gold pieces
 31834 | Orc:2    | Bought a scroll of identify for 30 gold pieces
 31841 | Orc:2    | Bought a scroll of identify for 24 gold pieces
 31841 | Orc:2    | Bought a scroll of identify for 24 gold pieces
 31841 | Orc:2    | Bought a scroll of identify for 24 gold pieces
 31844 | Orc:2    | Reached skill level 15 in Long Blades
 31844 | Orc:2    | Reached XP level 16. HP: 97/97 MP: 18/18
 32413 | D:15     | Found an ornate altar of the Wu Jian Council.
 33005 | D:15     | Received a gift from Trog
 33022 | D:15     | Found a staircase to the Depths.
 33028 | D:15     | Reached skill level 16 in Long Blades
 33890 | Spider:1 | Entered Level 1 of the Spider Nest
 34849 | Spider:1 | You fall into a shaft and drop 1 floor!
 34882 | Spider:2 | Noticed Aizul
 35991 | Spider:1 | You fall into a shaft and drop 1 floor!
 36030 | Spider:2 | Reached skill level 10 in Dodging
 36054 | Spider:2 | Killed Aizul
 36155 | Spider:2 | Noticed Jorgrun
 36167 | Spider:2 | Killed Jorgrun
 37700 | Spider:4 | Entered Level 4 of the Spider Nest
 37721 | Spider:3 | Reached XP level 17. HP: 46/104 MP: 19/19
 39940 | Spider:4 | Identified the Reference Book on Sinister Rites and
                  | Poisoning
 40462 | Spider:4 | Received a gift from Trog
 41698 | Spider:4 | Got a gossamer rune of Zot
 41899 | Shoals:1 | Entered Level 1 of the Shoals
 44897 | Shoals:2 | Reached XP level 18. HP: 66/112 MP: 20/20
 45842 | Shoals:4 | Entered Level 4 of the Shoals
 46182 | Shoals:4 | Got a barnacled rune of Zot
 46183 | Shoals:4 | HP: 3/112 [merfolk aquamancer/ball of steam (30)]
 46210 | Shoals:4 | Noticed Polyphemus
 46497 | Elf:1    | Entered Level 1 of the Elven Halls
 46623 | Elf:1    | Found Uwaem's Distillery.
 46704 | Elf:1    | Found a ruined gateway.
 46708 | Elf:1    | Noticed Agnes
 46724 | Elf:1    | Killed Agnes
 46889 | Desolati | Entered the Desolation of Salt
 46968 | Desolati | HP: 4/112 [saltling (18)]
 46971 | Desolati | Slain by a peacekeeper

Illustrated notes

Levels and vault maps discovered:
D:1:      erik_arrival_cave_to_civilisation [erik_arrival_cave_to_hall],
          layout_rooms
D:2:      minmay_recursive_quarters, layout_basic, lemuel_round_altar
D:3:      layout_basic, tgw_trog, ashenzari_altar_1
D:4:      minmay_chambers_of_twos, layout_loops_corners
D:5:      layout_basic, minmay_temple_entry_large_hall, serial_shops,
          shop_statue, gammafunk_ghost_arena, kennysheep_generic_room_7
D:6:      minmay_chambers_of_threes, layout_loops_ring,
          lemuel_coloured_pillars_altar, gup_sewer_entry_bowl,
          ebering_ghost_rock_garden, uniq_maggie, uniq_eustachio
D:7:      layout_basic
D:8:      layout_cave_pods, kennysheep_mini_moat, minmay_lair_entry_grove,
          ebering_ghost_rock_garden, nicolae_tso_swordbearing_angel
D:9:      layout_roguey, old_standard_altar, orc_david_3, supply_closet_lemuel
D:10:     layout_layer_cave, uniq_erolcha
D:11:     layout_gridville, portal_ice_cave_entry_animals_and_master
D:12:     layout_big_octagon, chequers_serial_rivers_micro_b
D:13:     layout_stronghold, erik_vaults_2, chequers_serial_rivers_micro_d
D:14:     layout_irregular_city, basic_altar, uniq_azrael
D:15:     hangedman_depths_entry_civil_slaughter, layout_rooms, serial_ice,
          serial_ice_h, serial_ice_e, serial_ice_n, serial_ice_b, serial_ice_i,
          serial_ice_a, lemuel_round_altar
Lair:1:   layout_regular_city, uniq_gastronok
Lair:2:   layout_cave_pods, minmay_shoals_entry_beasts
Lair:3:   layout_small_grid, minmay_lindwurm_lava, serial_bayou_shore_b,
          grunt_megastairs_4
Lair:4:   layout_cave_pods, spider_nest_entry_funnel_web
Lair:5:   layout_misc_corridors, minmay_slime_entry_jelly_boxes, st_stairs_3,
          grunt_megastairs_1
Lair:6:   minmay_lair_end_enchanted_forest, layout_loops_ring,
          gammafunk_ghost_hydra_chop, chequers_serial_rivers_room_a, st_stairs_3
Shoals:1: layout_shoals, nicolae_shoals_wave_tunnel
Shoals:2: layout_shoals
Shoals:3: layout_shoals, serial_shops, shop, st_shoals_ruin
Shoals:4: shoals_end_grunt_ice, layout_shoals, uniq_polyphemus
Spider:1: layout_spider_delve, hangedman_spider_mandibles
Spider:2: layout_spider_delve, uniq_jorgrun, uniq_aizul
Spider:3: layout_spider_delve
Spider:4: floodkiller_spider_rune_tomb
Orc:1:    layout_caves, ebering_ghost_disaster_area,
          nicolae_orc_flooded_monolith, uniq_nergalle
Orc:2:    st_orc_rangers, layout_caves, uniq_maurice, uniq_josephine, uniq_urug
Elf:1:    eino_elf_arrival_shootout, layout_onion_city, serial_shops, shop,
          portal_desolation_entry_garden, minmay_elf_demonology, minivault_24,
          uniq_agnes, uniq_roxanne
Desolation

Skill      XL: |  1  2  3  4  5  6  7  8  9 10 11 12 13 14 15 16 17 18 |
---------------+-------------------------------------------------------+-----
Long Blades    | 3 4 5 6 7 9 11 14 15 16 | 16.0
Armour         | 3 4 5 6 8 9 |  9.1
Shields        | 3 5 9 10 12 13 | 13.9
Fighting       | 4 6 7 10 11 12 | 12.3
Dodging        | 4 6 8 10 12 13 | 13.2
Evocations     | 6 7 |  7.0
Stealth        | 4 5 6 |  6.0

Action                   |  1- 3 |  4- 6 |  7- 9 | 10-12 | 13-15 | 16-18 || total
-------------------------+-------+-------+-------+-------+-------+-------++-------
Melee: Falchion          |   115 |   236 |   537 |   856 |   860 |       ||  2604
       Dagger            |       |       |    36 |       |       |       ||    36
       Short sword       |       |       |       |       |     3 |       ||     3
       Demon blade       |       |       |       |       |   449 |       ||   449
       Double sword      |       |       |       |       |   124 |  1206 ||  1330
Throw: Dart              |       |    24 |    14 |    21 |     2 |    31 ||    92
       Stone             |       |     2 |     1 |       |       |       ||     3
Invok: Berserk           |     2 |     9 |    10 |    17 |    13 |    18 ||    69
       Trog's Hand       |       |     3 |    10 |     8 |    10 |    27 ||    58
       Brothers in Arms  |       |       |       |     5 |     8 |    10 ||    23
 Abil: Evoke Invisibilit |       |       |       |     1 |       |       ||     1
Evoke: Wand              |       |     2 |     1 |     5 |    28 |    57 ||    93
       Phial of floods   |       |       |       |     1 |     3 |     2 ||     6
       Box of beasts     |       |       |       |       |     6 |     7 ||    13
  Use: Potion            |       |     1 |       |       |     1 |    14 ||    16
       Scroll            |       |       |     7 |     7 |    21 |    18 ||    53
 Stab: Sleeping          |       |       |       |     2 |    11 |    11 ||    24
       Paralysed         |       |       |       |     4 |       |       ||     4
       Distracted        |       |       |       |     2 |     2 |     3 ||     7
       Invisible         |       |       |       |     5 |       |       ||     5
Armor: Animal skin       |     8 |       |       |       |       |       ||     8
       Scale mail        |    34 |    51 |   138 |       |       |       ||   223
       Steam dragon scal |       |       |    48 |   151 |   139 |    11 ||   349
       Ring mail         |       |       |       |       |       |   230 ||   230
Dodge: Dodged            |    70 |    82 |   115 |   239 |   468 |   738 ||  1712
Block: Other             |       |    25 |       |       |       |       ||    25
       Kite shield       |       |    60 |   331 |   576 |   536 |       ||  1503
       Reflection        |       |     1 |     8 |    18 |   111 |    40 ||   178
       Tower shield      |       |       |       |       |   514 |  1618 ||  2132
       Rpst.: Falchion   |    26 |    29 |    29 |    50 |    75 |       ||   209
       Demon blade       |       |       |       |       |    40 |       ||    40
       Double sword      |       |       |       |       |     8 |   126 ||   134

Table legend: (Time is in decaauts)
 A = Elapsed time spent in this place.
 B = Non-inter-level travel time spent in this place.
 C = Inter-level travel time spent in this place.
 D = Time resting spent in this place.
 E = Time spent auto-exploring this place.
 F = Levels seen in this place.
 G = Mean time per level.
                   A        B        C        D        E       F      G
               +--------+--------+--------+--------+--------+-----+--------+
         Total |  46971 |  44606 |   2365 |   9248 |  27197 |  35 | 1342.0 |
       Dungeon |  20835 |  19633 |   1202 |   1871 |  14106 |  15 | 1389.0 |
          Lair |  11065 |  10517 |    548 |   2362 |   6566 |   6 | 1844.2 |
        Shoals |   3785 |   3668 |    117 |   1190 |   1689 |   4 |  946.2 |
   Spider Nest |   7085 |   6906 |    179 |   2165 |   3476 |   4 | 1771.2 |
  Orcish Mines |   3336 |   3073 |    263 |   1289 |   1185 |   2 | 1668.0 |
   Elven Halls |    382 |    329 |     53 |     97 |     54 |   1 |  382.0 |
         Abyss |    111 |    111 |      0 |    102 |      0 |   1 |  111.0 |
         Sewer |    289 |    289 |      0 |    113 |    119 |   1 |  289.0 |
    Desolation |     79 |     79 |      0 |     57 |      0 |   1 |   79.0 |
               +--------+--------+--------+--------+--------+-----+--------+

Top non-repeatable levels by time:
Spider:3: 2499 daAuts
  Lair:2: 2488 daAuts
Spider:4: 2438 daAuts
  Lair:4: 2419 daAuts
   Orc:1: 2090 daAuts
    D:10: 1879 daAuts
  Lair:6: 1856 daAuts
     D:5: 1678 daAuts
     D:3: 1675 daAuts
  Lair:5: 1668 daAuts
    D:13: 1661 daAuts
     D:4: 1626 daAuts
  Lair:3: 1585 daAuts
    D:14: 1534 daAuts
     D:2: 1519 daAuts
